 Dungeon Crawl Stone Soup version 0.28-a0-1080-g05a166d0ed (webtiles) character file.

Game seed: 15236160699266244767

4830 meatgazer the Envoy of Void (level 10, 0/80 HPs)
             Began as a Demonspawn Abyssal Knight on Dec 9, 2021.
             Was a High Priest of Lugonu.
             Slain by a vampire mosquito (3 damage)
             ... on level 9 of the Dungeon.
             The game lasted 00:13:25 (9984 turns).

meatgazer the Envoy of Void (DsAK)                  Turns: 9984, Time: 00:13:26

Health: 0/80       AC: 16    Str: 16    XL:     10   Next: 25%
Magic:  17/17      EV:  8    Int: 12    God:    Lugonu [*****.]
Gold:   491        SH:  0    Dex: 15    Spells: 9/9 levels left

rFire   . . .      SeeInvis .   c - +6 spear "Loopy" {speed, rPois rC++}
rCold   + + .      Faith    +   (no shield)
rNeg    . . .      Spirit   .   p - +1 chain mail
rPois   +          Reflect  .   (no helmet)
rElec   .          Harm     .   (no cloak)
rCorr   .          Rampage  .   (no gloves)
Will    .....                   r - +0 pair of boots
Stlth   ..........              g - amulet of faith
HPRegen 0.23/turn               (no ring)
MPRegen 0.30/turn               (no ring)

@: hasted, studying Armour, very quick
A: claws 1, molten scales 1, demonic guardian 1, magic regeneration
a: Renounce Religion, Depart the Abyss, Bend Space, Banish, Corrupt, Enter the
Abyss


You were on level 9 of the Dungeon.
You worshipped Lugonu.
Lugonu was extremely pleased with you.
You visited 1 branch of the dungeon, and saw 9 of its levels.
You visited the Abyss 1 time.

You collected 491 gold pieces.

Inventory:

Hand Weapons
 a - a +2 falchion
 c - the +6 spear "Loopy" (weapon) {speed, rPois rC++}
   (You found it on level 2 of the Abyss)

   Attacks with this weapon are significantly faster.
   rC:        It greatly protects you from cold.
   rPois:     It protects you from poison.
Armour
 p - a +1 chain mail (worn)
 r - a +0 pair of boots (worn)
Jewellery
 g - an amulet of faith (around neck)
Wands
 e - a wand of digging (9)
 i - a wand of flame (22)
 l - a wand of paralysis (12)
 q - a wand of polymorph (11)
 s - a wand of iceblast (9)
Scrolls
 d - a scroll of fog
 f - a scroll of immolation
 k - a scroll of teleportation
Potions
 b - a potion of haste
 h - a potion of resistance
 j - a potion of curing
 m - a potion of lignification {unknown}
 n - 3 potions of flight
 o - 3 potions of brilliance
 t - 2 potions of cancellation {unknown}
 v - a potion of degeneration {unknown}


   Skills:
 + Level 8.1 Fighting
 - Level 1.7 Long Blades
 + Level 6.8 Polearms
 + Level 9.9 Armour
 - Level 1.4 Dodging
 + Level 10.1 Invocations


You had 9 spell levels left.
You didn't know any spells.
Your spell library contained the following spells:

 Spells                   Type           Power      Damage    Failure   Level
 Apportation              Tloc           0%         N/A       98%         1
 Blink                    Tloc           0%         N/A       99%         2
 Summon Lightning Spire   Summ/Air       0%         N/A       100%        4
 Alistair's Intoxication  Tmut/Pois      0%         N/A       100%        5
 Manifold Assault         Tloc           0%         N/A       100%        5
 Storm Form               Tmut/Air       0%         N/A       100%        7
 Maxwell's Capacitive Co  Air            0%         ∞         100%        8


Dungeon Overview and Level Annotations

Branches:
Dungeon (9/15)             Temple (0/1) D:6            Lair (0/6) D:8
    Orc: D:9-12

Altars:
Dithmenos
Elyvilon
Fedhas
Hepliaklqana
Makhleb
Okawaru
Ru
Vehumet
Xom
Yredelemnul
Zin

Shops:
D:2 !

Annotations:
D:4 3 runed translucent doors, Kacy's ghost, novice PaBe; ytrimaz's ghost, amateur FeTm
D:7 exclusion: statue
Abyss:1 Duvessa


Innate Abilities, Weirdness & Mutations

You have sharp fingernails.
You are partially covered in molten scales. (AC +2)
A weak demonic guardian rushes to your aid.
You regenerate magic rapidly.


Message History

The vampire mosquito draws strength from your injuries!
The vampire mosquito bites you but does no damage.
You hit the vampire mosquito.
The vampire mosquito is almost destroyed.
The vampire mosquito bites you but does no damage.
The vampire mosquito closely misses you.
You puncture the vampire mosquito!
You destroy the vampire mosquito!
Lugonu accepts your kill. The vampire mosquito barely misses you.
You closely miss the vampire mosquito. The vampire mosquito bites you!
* * * LOW HITPOINT WARNING * * *
A demonic guardian appears!
The vampire mosquito draws strength from your injuries!
You hit the vampire mosquito.
The vampire mosquito is lightly damaged.
The vampire mosquito bites you.
* * * LOW HITPOINT WARNING * * *
The vampire mosquito draws strength from your injuries!
You hit the vampire mosquito.
The vampire mosquito is lightly damaged.
A vampire mosquito comes into view.
The vampire mosquito closely misses you.
Your white imp misses the vampire mosquito.
You barely miss the vampire mosquito.
The vampire mosquito is lightly damaged.
The vampire mosquito bites you!
* * * LOW HITPOINT WARNING * * *
The vampire mosquito draws strength from your injuries!
You closely miss the vampire mosquito.
The vampire mosquito is lightly damaged.
Your white imp hits the vampire mosquito.
Your white imp freezes the vampire mosquito.
The vampire mosquito bites you but does no damage.
Okay, then.
You feel yourself speed up. The vampire mosquito barely misses you.
Your white imp hits the vampire mosquito.
Your white imp freezes the vampire mosquito.
The vampire mosquito bites you.
You die...

... >... .[.###
#.... ####...#
..#....#
.......†##
.....y.†@##
.......y..#
......5..## ##
.....##..# .###
......#.####.#.#
...............##
...........#....#
.........##.....#
.......)...<...#


You could see 2 vampire mosquitoes and a friendly white imp (summoned).

Vanquished Creatures
  Grinder (D:4)
  A hornet (D:8)
  5 vampire mosquitoes
  A steam dragon (D:8)
  2 water moccasins (D:5)
  4 black bears
  2 sky beasts
  A hornet zombie (D:5)
  4 orc warriors
  A necrophage (D:6)
  2 ogres
  3 centaurs
  A phantom (D:5)
  A bullfrog (D:8)
  A wyvern zombie (D:7)
  A scorpion (D:5)
  A water moccasin zombie (D:5)
  3 water moccasin skeletons
  Dowan (D:6)
  A centaur zombie (D:8)
  5 crimson imps
  A bullfrog zombie (D:6)
  5 hounds
  3 orc priests (D:8)
  2 bullfrog skeletons
  A centaur skeleton (D:4)
  10 orc wizards
  A killer bee zombie (D:6)
  A hound zombie (D:5)
  A hound skeleton (D:5)
  6 adders
  A white imp (D:5)
  An adder skeleton (D:5)
  2 worms (D:2)
  A dart slug (D:1)
  24 orcs
  6 ball pythons
  5 bats
  10 endoplasms
  A giant cockroach (D:1)
  6 goblins
  4 hobgoblins (D:1)
  6 jackals
  7 kobolds
  3 quokkas
  7 rats
157 creatures vanquished.

Vanquished Creatures (collateral kills)
  A manticore (D:7)
1 creature vanquished.

Vanquished Creatures (others)
  11 fungi (D:5)
  5 plants (D:5)
  9 withered plants
25 creatures vanquished.

Grand Total: 183 creatures vanquished

Notes
Turn   | Place    | Note
-------+----------+-------------------------------------------
     0 | Abyss:1  | meatgazer the Demonspawn Abyssal Knight began the quest for
                  | the Orb.
     0 | Abyss:1  | Reached XP level 1. HP: 18/18 MP: 2/2
    21 | Abyss:2  | Noticed a wretched star
    31 | Abyss:2  | Noticed a golden eye
    31 | Abyss:2  | Noticed a golden eye
    51 | Abyss:2  | Identified the +6 spear "Loopy" {speed, rPois rC++}
    53 | D:1      | Escaped the Abyss
    98 | D:1      | Reached skill level 1 in Dodging
   126 | D:1      | Gained mutation: You have sharp fingernails. [demonic
                  | ancestry]
   126 | D:1      | Reached XP level 2. HP: 17/24 MP: 4/4
   288 | D:1      | Reached * piety under Lugonu
   650 | D:1      | Found a faded altar of an unknown god.
   744 | D:1      | Reached XP level 3. HP: 29/29 MP: 5/5
   828 | D:1      | Reached skill level 3 in Invocations
  1027 | D:1      | Reached skill level 1 in Polearms
  1115 | D:1      | Identified a scroll of acquirement
  1115 | D:1      | Acquired a manual of Armour
  1383 | D:2      | Found Fosoch's Distillery.
  1788 | D:3      | Gained mutation: You regenerate magic rapidly. [demonic
                  | ancestry]
  1788 | D:3      | Reached XP level 4. HP: 29/35 MP: 6/6
  1796 | D:3      | Reached ** piety under Lugonu
  2142 | D:3      | Found an iron altar of Okawaru.
  2310 | D:3      | Found a shadowy altar of Dithmenos.
  2324 | D:3      | Noticed a black bear
  2336 | D:3      | Killed a black bear
  2337 | D:3      | Reached skill level 4 in Invocations
  2337 | D:3      | Reached XP level 5. HP: 27/42 MP: 6/8
  2863 | D:4      | Found a shimmering altar of Xom.
  2865 | D:4      | Noticed a black bear
  2888 | D:4      | Gained mutation: You are partially covered in molten
                  | scales. (AC +2) [demonic ancestry]
  2888 | D:4      | Reached XP level 6. HP: 31/48 MP: 9/9
  2908 | D:5      | Entered Level 5 of the Dungeon
  3180 | D:4      | Found a runed translucent gate.
  3180 | D:4      | Found a runed translucent gate.
  3181 | D:4      | Found a runed translucent gate.
  3182 | D:4      | Noticed ytrimaz's ghost (amateur FeTm)
  3182 | D:4      | Noticed Kacy's ghost (novice PaBe)
  3325 | D:4      | Reached skill level 5 in Invocations
  3328 | D:4      | Reached XP level 7. HP: 32/55 MP: 10/10
  3554 | D:4      | Noticed Grinder
  3563 | D:4      | Paralysed by Grinder for 6 turns
  3575 | D:4      | Paralysed by Grinder for 5 turns
  3581 | D:4      | Killed Grinder
  3582 | D:4      | Reached skill level 5 in Fighting
  3582 | D:4      | Reached skill level 5 in Armour
  3907 | D:5      | Reached skill level 6 in Invocations
  4272 | D:5      | Reached XP level 8. HP: 52/63 MP: 12/12
  4380 | D:5      | Found a blossoming altar of Fedhas.
  4398 | D:5      | Reached *** piety under Lugonu
  4561 | D:5      | Reached skill level 7 in Invocations
  5582 | D:5      | Reached skill level 5 in Polearms
  5636 | D:5      | Reached skill level 8 in Invocations
  5636 | D:5      | Gained mutation: A weak demonic guardian rushes to your
                  | aid. [demonic ancestry]
  5636 | D:5      | Reached XP level 9. HP: 44/71 MP: 13/15
  5821 | D:5      | Found a burning altar of Makhleb.
  5891 | D:5      | Found a hazy altar of Hepliaklqana.
  6365 | D:6      | Found a staircase to the Ecumenical Temple.
  6451 | D:6      | Found a basalt altar of Yredelemnul.
  6557 | D:6      | Noticed Dowan
  6559 | D:6      | Noticed Duvessa
  6565 | D:6      | Killed Dowan
  6586 | D:6      | HP: 3/72 [Duvessa (18)]
  6587 | D:6      | Banished Duvessa
  7334 | D:6      | Found a sacrificial altar of Ru.
  7430 | D:6      | Reached **** piety under Lugonu
  7502 | D:7      | Reached skill level 9 in Invocations
  7834 | D:7      | Found a radiant altar of Vehumet.
  7864 | D:7      | Noticed a manticore
  8328 | D:8      | Reached ***** piety under Lugonu
  8841 | D:7      | Killed a manticore
  8842 | D:7      | Reached XP level 10. HP: 49/80 MP: 17/17
  9648 | D:8      | Found a staircase to the Lair.
  9846 | D:8      | Reached skill level 10 in Invocations
  9982 | D:9      | HP: 2/80 [vampire mosquito (9)]
  9984 | D:9      | Slain by a vampire mosquito

Illustrated notes

Levels and vault maps discovered:
D:1:      dpeg_arrival_stone_temple_mockup, layout_basic,
          shapermc_ecumenical_altar_venn
D:2:      layout_basic, serial_shops, shop_coins, chequers_serial_rivers_small_3
D:3:      layout_basic, nicolae_overflow_crystal_walls,
          okawaru_metal_pillars_1_2
D:4:      layout_basic, lemuel_crystal_altar, kennysheep_mini_moat,
          led_xom_imps, gammafunk_ghost_cemetery, uniq_grinder
D:5:      layout_basic, nzn_hepliaklqana_mist_gate, fedhas_altar_3,
          makhleb_grotto_becter, serial_undead, serial_undead_c,
          serial_undead_c, serial_undead_c, serial_undead_b, grunt_ministairs_6
D:6:      layout_basic, lemuel_round_altar, lemuel_crystal_altar,
          minmay_temple_entry_slanted, minmay_misc_feat_x, serial_park_tiny_1,
          uniq_duvessa
D:7:      layout_gridville, vehumet_statue
D:8:      layout_rooms, lair_entry_dummy
D:9:      layout_cave_pools, erik_orc_4

Skill      XL: |  1  2  3  4  5  6  7  8  9 10 |
---------------+-------------------------------+-----
Dodging        | 1 |  1.4
Armour         | 2 3 4 6 7 9 |  9.9
Invocations    | 3 4 5 6 8 9 10 | 10.1
Polearms       | 1 2 3 5 6 |  6.8
Fighting       | 4 5 6 7 8 |  8.1
Long Blades    | |  1.7

Action                   |  1- 3 |  4- 6 |  7- 9 | 10-12 || total
-------------------------+-------+-------+-------+-------++-------
Melee: Spear             |    97 |   116 |   564 |   104 ||   881
Invok: Depart the Abyss  |     1 |       |       |       ||     1
       Banish            |       |       |     1 |       ||     1
Evoke: Wand              |       |       |     1 |       ||     1
  Use: Scroll            |     9 |     1 |     7 |     6 ||    23
       Potion            |     1 |     1 |     3 |     1 ||     6
 Stab: Distracted        |       |       |     2 |       ||     2
Armor: Leather armour    |     6 |    15 |       |       ||    21
       Chain mail        |       |     7 |   225 |    38 ||   270
Dodge: Dodged            |    17 |    43 |   115 |    24 ||   199

Table legend: (Time is in decaauts)
 A = Elapsed time spent in this place.
 B = Non-inter-level travel time spent in this place.
 C = Inter-level travel time spent in this place.
 D = Time resting spent in this place.
 E = Time spent auto-exploring this place.
 F = Levels seen in this place.
 G = Mean time per level.
                   A        B        C        D        E       F      G
               +--------+--------+--------+--------+--------+-----+--------+
         Total |   9620 |   9512 |    108 |   3531 |   4839 |  11 |  874.5 |
       Dungeon |   9567 |   9459 |    108 |   3531 |   4830 |   9 | 1063.0 |
         Abyss |     52 |     52 |      0 |      0 |      9 |   2 |   26.0 |
               +--------+--------+--------+--------+--------+-----+--------+

Top non-repeatable levels by time:
     D:5: 2545 daAuts
     D:7: 1403 daAuts
     D:1: 1192 daAuts
     D:6: 1116 daAuts
     D:4: 956 daAuts
     D:8: 914 daAuts
     D:3: 902 daAuts
     D:2: 475 daAuts
     D:9: 61 daAuts
 Abyss:2: 41 daAuts
 Abyss:1: 11 daAuts
